 Dungeon Crawl Stone Soup version 0.25-a0-164-gb55e97dba5 (webtiles) character file.

Game seed: 9216802286673634509, levelgen mode: deterministic

38 Leeroy the Conjurer (level 3, -1/31 HPs)
             Began as a Draconian Conjurer on Nov 22, 2019.
             Slain by a hobgoblin
             ... wielding a +0 club
              (7 damage)
             ... on level 1 of the Dungeon.
             The game lasted 00:04:26 (1194 turns).

Leeroy the Conjurer (Draconian Conjurer)            Turns: 1194, Time: 00:04:27

Health: -1/31      AC:  5    Str: 11    XL:     3   Next: 25%
Magic:  1/6        EV: 12    Int: 15    God:
Gold:   31         SH:  0    Dex: 11    Spells: 3/6 levels left

rFire    . . .     SeeInvis .   g - +0 whip
rCold    . . .     Gourm    .   (no shield)
rNeg     . . .     Faith    .   (armour unavailable)
rPois    .         Spirit   .   (helmet restricted)
rElec    .         Reflect  .   (no cloak)
rCorr    .         Harm     .   (no gloves)
MR       .....                  (no boots)
Stlth    ++........             (no amulet)
HPRegen  0.10/turn              (no ring)
MPRegen  0.10/turn              (no ring)

@: no status effects
A: unfitting armour, cold-blooded, AC +5
a: no special abilities


You were on level 1 of the Dungeon.
You were hungry.

You visited 1 branch of the dungeon, and saw 1 of its levels.

You collected 31 gold pieces.

Inventory:

Hand Weapons
 c - a +0 club
 g - a +0 whip (weapon)
Missiles
 f - 53 stones (quivered)
 h - 14 sling bullets
Armour
 i - a +2 shield
 l - a +0 buckler
Jewellery
 m - a cursed ring of teleportation {unknown}
Scrolls
 a - a scroll of fog {unknown}
 d - 3 scrolls of identify {unknown}
 k - a scroll of noise {unknown}
Potions
 e - a potion of haste {unknown}
 j - a potion of flight {unknown}
Comestibles
 b - 3 rations


   Skills:
 + Level 3.3 Fighting
 - Level 1.7 Dodging
 - Level 1.7 Stealth
 - Level 2.0 Spellcasting
 - Level 4.0 Conjurations


You had 3 spell levels left.
You knew the following spells:

 Your Spells              Type           Power        Failure   Level  Hunger
a - Magic Dart            Conj           ##..         4%          1    #......
b - Searing Ray           Conj           ##....       6%          2    ###....

Your spell library contained the following spells:

 Spells                   Type           Power        Failure   Level  Hunger
 Dazzling Spray           Conj/Hex       #.....       28%         3    ###....
 Iskenderun's Mystic Bla  Conj           ##......     38%         4    #####..
 Force Lance              Conj/Tloc      #.......     67%         4    #####..
 Fulminant Prism          Conj/Hex       #.........   67%         4    #####..


Dungeon Overview and Level Annotations

Branches:
Dungeon (1/15)

Altars:


Innate Abilities, Weirdness & Mutations

Your plain brown scales are hard. (AC +5)
You cannot fit into any form of body armour.
You are cold-blooded and may be slowed by cold attacks.


Message History

You hit the hobgoblin but do no damage.
You tail-slap the hobgoblin, but do no damage.
The hobgoblin is moderately wounded.
The hobgoblin hits you with a +0 club.
You hit the hobgoblin but do no damage.
The hobgoblin is moderately wounded.
The hobgoblin barely misses you.
You barely miss the hobgoblin.
You tail-slap the hobgoblin, but do no damage.
The hobgoblin is moderately wounded.
The hobgoblin barely misses you.
You hit the hobgoblin.
You tail-slap the hobgoblin, but do no damage.
The hobgoblin is almost dead.
The hobgoblin hits you with a +0 club.
* * * LOW HITPOINT WARNING * * *
You hit the hobgoblin but do no damage.
The hobgoblin is almost dead.
The hobgoblin hits you with a +0 club!
You die...

.# # ...#### ##
.......## #. ........#
#. ........## #.
(........# #.
.......#.### #.
.......#.g@# #.
####.#####.# #########.
#.[..##.## ####.).......
# ##.....###........###.
#............####...###.
#...............#.......
#..........####.#.#....#
#..........#....#.#.....
#..#.####..#.#....#....#


You could see a hobgoblin.

Vanquished Creatures
  2 oozes (D:1)
  2 dart slugs (D:1)
  3 giant cockroaches (D:1)
  4 goblins (D:1)
  2 hobgoblins (D:1)
  5 bats (D:1)
  4 kobolds (D:1)
  3 rats (D:1)
25 creatures vanquished.

Notes
Turn   | Place    | Note
-------+----------+-------------------------------------------
     0 | D:1      | Leeroy the Draconian Conjurer began the quest for the Orb.
     0 | D:1      | Reached XP level 1. HP: 14/14 MP: 3/3
    27 | D:1      | Reached skill level 1 in Fighting
   207 | D:1      | Reached XP level 2. HP: 8/24 MP: 0/5
   233 | D:1      | Learned a level 2 spell: Searing Ray
   697 | D:1      | Reached XP level 3. HP: 19/31 MP: 4/6
  1194 | D:1      | Slain by a hobgoblin

Levels and vault maps discovered:
D:1:      sevenhm_arrival_forest_fort_large_4, layout_rooms, serial_curves,
          eino_curves_04, eino_curves_04, minmay_heptomino_l4

Skill      XL: |  1  2 |
---------------+-------+-----
Fighting       | 1 3 |  3.3
Dodging        | |  1.7
Stealth        | |  1.7
Spellcasting   | |  2.0
Conjurations   | |  4.0

Action                   || total
-------------------------++-------
Melee: Club              ||    38
       Tailslap          ||    14
       Whip              ||    66
 Cast: Magic Dart        ||    11
       Searing Ray       ||     6
 Stab: Sleeping          ||     1
  Eat: Chunk             ||     1
Armor: Skin              ||    30
Dodge: Dodged            ||   114

Table legend:
 A = Non-vault XP
 B = Vault XP
 C = Vault XP percentage of total XP
 D = Non-vault monster count
 E = Vault monster count
 F = Vault count percentage of total count
                 A         B        C        D         E       F
            +---------+---------+-------+---------+---------+-------
      Total |      44 |      11 |  20.0 |      22 |       3 |  12.0
            +---------+---------+-------+---------+---------+-------
        D:1 |      44 |      11 |  20.0 |      22 |       3 |  12.0
            +---------+---------+-------+---------+---------+-------
